General information
- name: BNet
- type: Ladder 1vs1/FFA
- host: Battle.net
- saver: CustosAnticum
map: EchoIsles
- players: 2
- length: 11:21
- speed: Fast
- version: 1.23 W3XP
- replay type: Public
» download(47 KB)
Players
team 1 (winner)
CustosAnticum (
pink | 134 APM | 1520 actions | 11:21)
5 Dark Ranger
2 Black Arrow
3 Silence
2 Naga Sea Witch
1 Frost Arrows
1 Forked Lightning
» actions
| Assign group hotkey | 45 | |
| Build / train | 46 | |
| ESC pressed | 1 | |
| Enter build submenu | 17 | |
| Enter hero's abilities submenu | 7 | |
| Give item / drop item | 1 | |
| Right click | 780 | |
| Select / deselect | 261 | |
| Select group hotkey | 341 | |
| Use ability | 21 | |
1520 total
» units
» upgrades
| Improved Bows | 1 | |
| Ultravision | 1 | |
| Druid of the Claw Training | 1 | |
| Strength of the Wild | 1 | |
4 total
» buildings
| Moon Well | 4 | |
| Ancient of War | 1 | |
| Altar of Elders | 1 | |
| Tree of Ages | 1 | |
| Hunter's Hall | 1 | |
| Ancient of Lore | 4 | |
| Ancient of Wonders | 1 | |
| Tree of Eternity | 2 | |
15 total
» build order
00:03 Moon Well
00:16 Ancient of War
00:35 Altar of Elders
01:26 Moon Well
02:51 Moon Well
03:22 Tree of Ages
03:47 Hunter's Hall
05:23 Moon Well
05:58 Ancient of Lore
05:59 Ancient of Lore
06:45 Ancient of Lore
08:21 Ancient of Lore
08:31 Ancient of Wonders
09:10 Tree of Eternity
09:10 Tree of Eternity
team 2 (loser)
Cautious (
teal | 176 APM | 2000 actions | 11:19)
4 Death Knight
2 Death Coil
1 Unholy Aura
1 Death Pact
2 Lich
1 Frost Nova
1 Frost Armor
» actions
| Assign group hotkey | 24 | |
| Basic commands | 39 | |
| Build / train | 48 | |
| Enter build submenu | 10 | |
| Enter hero's abilities submenu | 6 | |
| Remove unit from queue | 1 | |
| Right click | 635 | |
| Select / deselect | 169 | |
| Select group hotkey | 1037 | |
| Use ability | 31 | |
2000 total
» units
| Acolyte | 4 | |
| Ghoul | 5 | |
| Crypt Fiend | 15 | |
| Obsidian Statue | 3 | |
27 total
» upgrades
| Web | 1 | |
| Creature Attack | 2 | |
| Destroyer Form | 1 | |
4 total
» buildings
| Crypt | 1 | |
| Graveyard | 1 | |
| Altar of Darkness | 1 | |
| Ziggurat | 5 | |
| Tomb of Relics | 1 | |
| Halls of the Dead | 4 | |
| Nerubian Tower | 1 | |
| Slaughterhouse | 1 | |
| Black Citadel | 1 | |
16 total
» build order
00:05 Crypt
00:06 Graveyard
00:40 Altar of Darkness
00:57 Ziggurat
01:23 Tomb of Relics
02:03 Ziggurat
03:52 Halls of the Dead
03:53 Halls of the Dead
03:53 Halls of the Dead
04:02 Nerubian Tower
04:15 Ziggurat
05:13 Ziggurat
06:21 Slaughterhouse
07:16 Black Citadel
09:22 Ziggurat
» items
Chat log
(10:44 / All) Cautious: wow...
(11:06 / All) CustosAnticum: welcome to dark ranger
(11:14 / All) Cautious: yeah...
(11:17 / All) Cautious: gg...